SNL (28 & UNDER)
BLACKIRON DRAGONS @ MONTGOMERY BISCUITS
05/10/2023
 
TOP OF THE 1ST
BlackIron Dragons batting - Pitching for Montgomery Biscuits : RHP César Morín
Pitching: RHP César Morín
Batting: RHB Dallas Blair 0-0: Ball
1-0: Called Strike
1-1: Foul Ball, location: 2F
1-2: Strikes out swinging
Batting: RHB Edgardo Carrasco 0-0: Called Strike
0-1: Ball
1-1: Ball
2-1: Ball
3-1: SINGLE (Groundball, 56D)
Batting: RHB Robert Buckley 0-0: Ball
1-0: Called Strike
1-1: Foul Ball, location: 2F
1-2: Strikes out swinging
Batting: RHB Jonah Duncan 0-0: Foul Ball, location: 2F
0-1: Swinging Strike
0-2: Strikes out swinging
Top of the 1st over - 0 run(s), 1 hit(s), 0 error(s), 1 left on base; BlackIron 0 - Montgomery 0
BOTTOM OF THE 1ST
Montgomery Biscuits batting - Pitching for BlackIron Dragons : RHP Fernando Mendoza
Pitching: RHP Fernando Mendoza
Batting: RHB Gabriel Miranda 0-0: Ball
1-0: Foul Ball, location: 2F
1-1: Called Strike
1-2: SINGLE (Flyball, 9S)
Batting: RHB Orlando Sánchez 0-0: Ball
1-0: Ball
Gabriel Miranda is caught stealing 2nd base
2-0: Swinging Strike
2-1: Ground out 6-3 (Groundball, 6D)
Batting: LHB Ben Kelley 0-0: Ball
1-0: Swinging Strike
1-1: Called Strike
1-2: Foul Ball, location: 2F
1-2: Ball
2-2: SINGLE (Line Drive, 8LS)
Batting: LHB José Flores 0-0: Called Strike
0-1: Fly out, F4 (Popup, 4)
Bottom of the 1st over - 0 run(s), 2 hit(s), 0 error(s), 1 left on base; BlackIron 0 - Montgomery 0
TOP OF THE 2ND
BlackIron Dragons batting - Pitching for Montgomery Biscuits : RHP César Morín
Batting: RHB Leroy Jamison 0-0: Ball
1-0: Ball
2-0: Foul Ball, location: 2F
2-1: Swinging Strike
2-2: Ground out 4-3 (Groundball, 4M)
Batting: RHB José Colón 0-0: Ground out 6-3 (Groundball, 6)
Batting: RHB Kenneth Hilton 0-0: Ball
1-0: Called Strike
1-1: Ground out 6-3 (Groundball, 6S)
Top of the 2nd over - 0 run(s), 0 hit(s), 0 error(s), 0 left on base; BlackIron 0 - Montgomery 0
BOTTOM OF THE 2ND
Montgomery Biscuits batting - Pitching for BlackIron Dragons : RHP Fernando Mendoza
Batting: RHB Jean-Paul St-Pierre 0-0: Called Strike
0-1: Ball
1-1: Foul Ball, location: 2F
1-2: Ball
2-2: Foul Ball, location: 2F
2-2: SINGLE (Groundball, 4MD)
Batting: RHB Dave Dawson 0-0: Ball
1-0: Ball
2-0: Ball
3-0: Called Strike
3-1: Base on Balls
Jean-Paul St-Pierre to second
Batting: RHB Vicente Carona 0-0: Ball
1-0: Ball
2-0: Foul Ball, location: 2F
2-1: Foul Ball, location: 2F
2-2: Strikes out looking
Batting: RHB Larry Mitchell 0-0: Foul Ball, location: 2F
0-1: Ball
1-1: Ball
2-1: Called Strike
2-2: SINGLE (Groundball, 56D)
Jean-Paul St-Pierre to third
Dave Dawson to second
Runner from 3rd tries for Home, SAFE, no throw or cutoff
Batting: RHB Dave Williams 0-0: Called Strike
0-1: Ball
1-1: Foul Ball, location: 2F
1-2: Hit by Pitch
Dave Dawson to third
Larry Mitchell to second
Batting: RHB Gabriel Miranda 0-0: Fielders Choice at 2nd, 6-4 (Groundball, 6)
Dave Dawson scores
Larry Mitchell to third
Batting: RHB Orlando Sánchez 0-0: Ball
1-0: Called Strike
1-1: Swinging Strike
1-2: Foul Ball, location: 2F
1-2: Foul Ball, location: 2F
1-2: Fly out, F6 (Popup, 6D)
Bottom of the 2nd over - 2 run(s), 2 hit(s), 0 error(s), 2 left on base; BlackIron 0 - Montgomery 2
TOP OF THE 3RD
BlackIron Dragons batting - Pitching for Montgomery Biscuits : RHP César Morín
Batting: RHB Joaquín Rosales 0-0: Swinging Strike
0-1: Foul Ball, location: 2F
0-2: Ball
1-2: Strikes out swinging
Batting: RHB Boyd Pittman 0-0: Ball
1-0: Foul Ball, location: 2F
1-1: Ball
2-1: Swinging Strike
2-2: Foul Ball, location: 2F
2-2: SINGLE (Line Drive, 34)
Batting: RHB Dallas Blair 0-0: Called Strike
0-1: Foul Ball, location: 2F
0-2: Ball
1-2: Strikes out looking
Batting: RHB Edgardo Carrasco 0-0: Ball
Boyd Pittman is caught stealing 2nd base
Top of the 3rd over - 0 run(s), 1 hit(s), 0 error(s), 0 left on base; BlackIron 0 - Montgomery 2
BOTTOM OF THE 3RD
Montgomery Biscuits batting - Pitching for BlackIron Dragons : RHP Fernando Mendoza
Batting: LHB Ben Kelley 0-0: Called Strike
0-1: Ball
1-1: Ground out 3-1 (Groundball, 34)
Batting: LHB José Flores 0-0: Called Strike
0-1: Ball
1-1: Ball
2-1: Called Strike
2-2: SOLO HOME RUN (Flyball, 89XD), Distance : 396 ft
Batting: RHB Jean-Paul St-Pierre 0-0: Ground out 6-3 (Groundball, 6D)
Batting: RHB Dave Dawson 0-0: Swinging Strike
0-1: Ball
1-1: Ground out 4-3 (Groundball, 34)
Bottom of the 3rd over - 1 run(s), 1 hit(s), 0 error(s), 0 left on base; BlackIron 0 - Montgomery 3
TOP OF THE 4TH
BlackIron Dragons batting - Pitching for Montgomery Biscuits : RHP César Morín
Batting: RHB Edgardo Carrasco 0-0: Called Strike
0-1: Ball
1-1: Fly out, F8 (Flyball, 8LM)
Batting: RHB Robert Buckley 0-0: Ball
1-0: SINGLE (Line Drive, 6)
Batting: RHB Jonah Duncan 0-0: Ball
1-0: Ball
2-0: Swinging Strike
2-1: 2-RUN HOME RUN (Flyball, 78XD), Distance : 412 ft
Batting: RHB Leroy Jamison 0-0: Ball
1-0: Fly out, F8 (Flyball, 8LS)
Batting: RHB José Colón 0-0: Called Strike
0-1: Foul Ball, location: 2F
0-2: Foul Ball, location: 2F
0-2: Ball
1-2: Strikes out looking
Top of the 4th over - 2 run(s), 2 hit(s), 0 error(s), 0 left on base; BlackIron 2 - Montgomery 3
BOTTOM OF THE 4TH
Montgomery Biscuits batting - Pitching for BlackIron Dragons : RHP Fernando Mendoza
Batting: RHB Vicente Carona 0-0: Ball
1-0: Called Strike
1-1: Ball
2-1: Ball
3-1: Base on Balls
Batting: RHB Larry Mitchell 0-0: Called Strike
0-1: Ball
1-1: Ball
2-1: Swinging Strike
2-2: Strikes out swinging
Batting: RHB Dave Williams 0-0: Called Strike
0-1: SINGLE (Groundball, 56D) (infield hit)
Vicente Carona to second
Batting: RHB Gabriel Miranda 0-0: Called Strike
0-1: Foul Ball, location: 2F
0-2: Ball
1-2: Ball
2-2: Ball
3-2: Foul Ball, location: 2F
3-2: Fly out, F8 (Flyball, 8LD)
Runner from 2nd tags up, SAFE at 3rd, no throw
Batting: RHB Orlando Sánchez 0-0: Ball
1-0: Fly out, F9 (Flyball, 9LM)
Bottom of the 4th over - 0 run(s), 1 hit(s), 0 error(s), 2 left on base; BlackIron 2 - Montgomery 3
TOP OF THE 5TH
BlackIron Dragons batting - Pitching for Montgomery Biscuits : RHP César Morín
Batting: RHB Kenneth Hilton 0-0: Called Strike
0-1: Ball
1-1: Ground out 3-1 (Groundball, 34)
Batting: RHB Joaquín Rosales 0-0: Ground out 6-3 (Groundball, 56)
Batting: RHB Boyd Pittman 0-0: Called Strike
0-1: Ball
1-1: Swinging Strike
1-2: Foul Ball, location: 2F
1-2: Foul Ball, location: 2F
1-2: Fly out, F9 (Popup, 9LS)
Top of the 5th over - 0 run(s), 0 hit(s), 0 error(s), 0 left on base; BlackIron 2 - Montgomery 3
BOTTOM OF THE 5TH
Montgomery Biscuits batting - Pitching for BlackIron Dragons : RHP Fernando Mendoza
Batting: LHB Ben Kelley 0-0: Ball
1-0: Called Strike
1-1: Ball
2-1: Ball
3-1: SINGLE (Line Drive, 9S)
Batting: LHB José Flores 0-0: Ball
1-0: Ball
2-0: Swinging Strike
2-1: Ball
3-1: Foul Ball, location: 2F
3-2: Base on Balls
Ben Kelley to second
Batting: RHB Jean-Paul St-Pierre 0-0: Called Strike
0-1: SINGLE (Line Drive, 89S)
Ben Kelley to third
José Flores to second
Pitching: RHP Simón Amejorado
Batting: RHB Dave Dawson 0-0: Ball
1-0: Foul Ball, location: 2F
1-1: Ball
2-1: Fly out, F2 (Popup, 2L)
Batting: RHB Vicente Carona 0-0: Fielders Choice at 2nd, 6-4 (Groundball, 6M)
Ben Kelley scores
José Flores to third
Batting: RHB Larry Mitchell 0-0: Called Strike
0-1: Hit by Pitch
Vicente Carona to second
Batting: RHB Dave Williams 0-0: SINGLE (Line Drive, 89M)
José Flores scores
Vicente Carona to third
Larry Mitchell to second
Runner from 3rd tries for Home, SAFE, throw made home
Batting: RHB Gabriel Miranda 0-0: Fly out, F4 (Popup, 4M)
Bottom of the 5th over - 3 run(s), 3 hit(s), 0 error(s), 2 left on base; BlackIron 2 - Montgomery 6
TOP OF THE 6TH
BlackIron Dragons batting - Pitching for Montgomery Biscuits : RHP César Morín
Batting: RHB Dallas Blair 0-0: Ball
1-0: SINGLE (Groundball, 56)
Batting: RHB Edgardo Carrasco 0-0: Called Strike
0-1: Swinging Strike
0-2: Strikes out looking
Batting: RHB Robert Buckley 0-0: Called Strike
0-1: Ball
1-1: Ball
2-1: Swinging Strike
2-2: Ball
Dallas Blair steals 2nd base
3-2: Foul Ball, location: 2F
3-2: Base on Balls
Batting: RHB Jonah Duncan 0-0: Swinging Strike
0-1: Grounds into double play, 4-6-3 (Groundball, 4)
Top of the 6th over - 0 run(s), 1 hit(s), 0 error(s), 1 left on base; BlackIron 2 - Montgomery 6
BOTTOM OF THE 6TH
Montgomery Biscuits batting - Pitching for BlackIron Dragons : RHP Simón Amejorado
Batting: RHB Orlando Sánchez 0-0: Called Strike
0-1: Ground out 5-3 (Groundball, 56)
Batting: LHB Ben Kelley 0-0: Ball
1-0: Swinging Strike
1-1: Ball
2-1: Ball
3-1: Base on Balls
Batting: LHB José Flores 0-0: Called Strike
0-1: Called Strike
0-2: Ball
1-2: Foul Ball, location: 2F
1-2: Fly out, F8 (Flyball, 8LD)
Batting: RHB Jean-Paul St-Pierre 0-0: Ball
1-0: Ball
2-0: Ball
3-0: Foul Ball, location: 2F
3-1: Base on Balls
Ben Kelley to second
Batting: RHB Dave Dawson 0-0: Ball
1-0: Ball
2-0: Ball
3-0: Called Strike
3-1: Called Strike
3-2: Ground out 4-3 (Groundball, 4)
Bottom of the 6th over - 0 run(s), 0 hit(s), 0 error(s), 2 left on base; BlackIron 2 - Montgomery 6
TOP OF THE 7TH
BlackIron Dragons batting - Pitching for Montgomery Biscuits : RHP César Morín
Batting: RHB Leroy Jamison 0-0: Called Strike
0-1: Fly out, F9 (Flyball, 9S)
Batting: RHB José Colón 0-0: Called Strike
0-1: Ball
1-1: Called Strike
1-2: Ball
2-2: Foul Ball, location: 2F
2-2: Ball
3-2: Strikes out swinging
Batting: RHB Kenneth Hilton 0-0: Called Strike
0-1: Foul Ball, location: 2F
0-2: Ball
1-2: Strikes out looking
Top of the 7th over - 0 run(s), 0 hit(s), 0 error(s), 0 left on base; BlackIron 2 - Montgomery 6
BOTTOM OF THE 7TH
Montgomery Biscuits batting - Pitching for BlackIron Dragons : RHP Simón Amejorado
Pitching: LHP Vincent Horne
Batting: RHB Vicente Carona 0-0: Fly out, F7 (Line Drive, 78M)
Batting: RHB Larry Mitchell 0-0: Ball
1-0: Ball
2-0: Ball
3-0: Called Strike
3-1: SINGLE (Groundball, 4D)
Batting: RHB Dave Williams Pickoff Throw to First - Out!
0-0: Ball
1-0: Foul Ball, location: 2F
1-1: Called Strike
1-2: Ground out 5-3 (Groundball, 5S)
Bottom of the 7th over - 0 run(s), 1 hit(s), 0 error(s), 0 left on base; BlackIron 2 - Montgomery 6
TOP OF THE 8TH
BlackIron Dragons batting - Pitching for Montgomery Biscuits : RHP César Morín
Batting: RHB Joaquín Rosales 0-0: Foul Ball, location: 2F
0-1: Called Strike
0-2: Ball
1-2: Ball
2-2: Ball
3-2: Base on Balls
Pitching: RHP Domingo Ortíz
Batting: RHB Boyd Pittman 0-0: Called Strike
0-1: Ball
1-1: Foul Ball, location: 2F
1-2: Ball
2-2: Foul Ball, location: 2F
2-2: Strikes out looking
Batting: RHB Dallas Blair 0-0: Ball
1-0: Fly out, F9 (Flyball, 89M)
Batting: RHB Edgardo Carrasco 0-0: Ball
1-0: Called Strike
1-1: Ball
2-1: SINGLE (Line Drive, 78S)
Joaquín Rosales to second
Throwing error, E7
Joaquín Rosales scores
Edgardo Carrasco to second
Batting: RHB Robert Buckley 0-0: Foul Ball, location: 2F
0-1: Swinging Strike
0-2: Ball
1-2: Ball
2-2: Ball
3-2: Foul Ball, location: 2F
3-2: Fly out, F7 (Flyball, 78XD)
Top of the 8th over - 1 run(s), 1 hit(s), 1 error(s), 1 left on base; BlackIron 3 - Montgomery 6
BOTTOM OF THE 8TH
Montgomery Biscuits batting - Pitching for BlackIron Dragons : LHP Vincent Horne
Batting: RHB Gabriel Miranda 0-0: Ball
1-0: Ball
2-0: Ground out 3-1 (Groundball, 23)
Batting: RHB Orlando Sánchez 0-0: Called Strike
0-1: Ball
1-1: Swinging Strike
1-2: Strikes out looking
Batting: LHB Ben Kelley 0-0: Ball
1-0: Ball
2-0: Called Strike
2-1: Fly out, F6 (Popup, 6MD)
Bottom of the 8th over - 0 run(s), 0 hit(s), 0 error(s), 0 left on base; BlackIron 3 - Montgomery 6
TOP OF THE 9TH
BlackIron Dragons batting - Pitching for Montgomery Biscuits : RHP Domingo Ortíz
Pitching: RHP Ángel Ávila
Now at 1B: Andrew Curran
Batting: RHB Jonah Duncan 0-0: Fly out, F9 (Line Drive, 89M)
Batting: RHB Leroy Jamison 0-0: Ball
1-0: Called Strike
1-1: Ball
2-1: Swinging Strike
2-2: Foul Ball, location: 2F
2-2: Ball
3-2: Base on Balls
Batting: RHB José Colón 0-0: Called Strike
0-1: Fly out, F6 (Popup, 5DF)
Batting: RHB Kenneth Hilton 0-0: Ball
1-0: Ball
2-0: Fly out, F4 (Line Drive, 4)
Top of the 9th over - 0 run(s), 0 hit(s), 0 error(s), 1 left on base; BlackIron 3 - Montgomery 6
This league is powered by Out of the Park Baseball, the baseball management simulation game for PC, Mac and Linux
Wednesday, December 2nd, 2015 - OOTP Baseball 16.8 Build 38